 Seeded DCSS version 0.27.1-3-gb3d3a73c9e (webtiles) character file.

Game seed: 20211020 (custom seed)

30 jessy the Skirmisher (level 3, 0/23 HPs)
             Began as a Gargoyle Berserker on Oct 20, 2021.
             Was a Believer of Trog.
             Slain by an adder (4 damage)
             ... on level 2 of the Dungeon.
             The game lasted 00:04:29 (1330 turns).

jessy the Skirmisher (Gargoyle Berserker)           Turns: 1330, Time: 00:04:30

Health: 0/23       AC:  9    Str: 21    XL:     3   Next: 20%
Magic:  3/3        EV: 10    Int:  7    God:    Trog [**....]
Gold:   30         SH:  0    Dex:  9    Spells: 2/2 levels left

rFire    . . .     SeeInvis .   a - +0 mace
rCold    . . .     Faith    .   (no shield)
rNeg     + . .     Spirit   .   d - +0 scale mail
rPois    ∞         Reflect  .   (no helmet)
rElec    +         Harm     .   (no cloak)
rCorr    .         Rampage  .   (no gloves)
Will     .....                  (no boots)
Stlth    ..........             (no amulet)
HPRegen  0.07/turn              (no ring)
MPRegen  0.08/turn              (no ring)

@: no status effects
A: sickness immunity, AC +3, negative energy resistance 1, electricity
resistance, torment resistance 1, petrification resistance
a: Renounce Religion, Berserk, Trog's Hand


You were on level 2 of the Dungeon.
You worshipped Trog.
Trog was pleased with you.
You visited 1 branch of the dungeon, and saw 2 of its levels.

You collected 30 gold pieces.

Inventory:

Hand Weapons
 a - a +0 mace (weapon)
 h - a +2 short sword of electrocution
Missiles
 c - 45 stones (quivered)
Armour
 b - a +0 animal skin
 d - a +0 scale mail (worn)
 f - a +0 leather armour
Scrolls
 e - a scroll of silence {unknown}
Potions
 g - a potion of resistance {unknown}


   Skills:
 + Level 3.6 Fighting
 + Level 3.4 Maces & Flails
 + Level 2.4 Armour
 + Level 2.0 Dodging
 + Level 0.4 Stealth


You had 2 spell levels left.
You didn't know any spells.
Your spell library was empty.

Dungeon Overview and Level Annotations

Branches:
Dungeon (2/15)

Altars:


Innate Abilities, Weirdness & Mutations

You are immune to sickness and miasma.
Your stone body is resilient. (AC +3)
You are immune to poison.
You resist negative energy. (rN+)
You are resistant to electric shocks. (rElec)
You are resistant to unholy torment.
You are immune to petrification.


Message History

You closely miss the hobgoblin.
The hobgoblin is almost dead.
The adder misses you.
The kobold hits you with a +0 short sword.
The hobgoblin closely misses you. The rat bites you.
The adder closely misses you. The kobold barely misses you.
You barely miss the hobgoblin.
The hobgoblin is almost dead.
The hobgoblin barely misses you. The rat bites you but does no damage.
The adder bites you but does no damage. The kobold hits you but does no damage.
The hobgoblin hits you but does no damage.
The adder barely misses you. The rat barely misses you.
You barely miss the hobgoblin.
The hobgoblin is almost dead.
The kobold hits you with a +0 short sword.
The adder barely misses you.
The hobgoblin hits you but does no damage.
The rat closely misses you.
You hit the hobgoblin.
You kill the hobgoblin!
Trog accepts your kill. The adder completely misses you.
The kobold barely misses you. The rat bites you but does no damage.
The adder bites you but does no damage. The kobold hits you but does no damage.
The adder barely misses you. The adder bites you but does no damage.
The adder closely misses you. The adder barely misses you.
The adder closely misses you. The adder bites you but does no damage.
The kobold hits you with a +0 short sword.
You hit the kobold.
You kill the kobold!
Trog accepts your kill. The adder bites you but does no damage.
The adder barely misses you.
You closely miss the rat. The rat bites you.
* * * LOW HITPOINT WARNING * * *
The adder bites you but does no damage.
You closely miss the rat. The adder bites you but does no damage.
The rat barely misses you. The adder bites you.
You die...

..##..... .. ...$..#.#
.##### ........# ......
......#.# #.##.#
......#.# #.##.####
......#.########.##.##.#
..................#.##.#
.##......#######rS#.##.#
#|##....... #@......# #.
#........ ##.#.##.# #
#........# #.#.##<#
.......>.. ..#.##.#
########.######.##.# ..
#.##.# #.##.# #.####


You could see an adder and a rat.

Vanquished Creatures
  4 ball pythons (D:1)
  4 endoplasms (D:1)
  A giant cockroach (D:1)
  6 hobgoblins
  2 quokkas (D:1)
  2 bats (D:1)
  2 frilled lizards (D:1)
  A goblin (D:1)
  4 kobolds
  3 rats (D:1)
29 creatures vanquished.

Notes
Turn   | Place    | Note
-------+----------+-------------------------------------------
     0 | D:1      | jessy the Gargoyle Berserker began the quest for the Orb.
     0 | D:1      | Reached XP level 1. HP: 14/14 MP: 1/1
   571 | D:1      | Reached XP level 2. HP: 10/19 MP: 2/2
  1056 | D:1      | Reached ** piety under Trog
  1091 | D:1      | Reached XP level 3. HP: 21/23 MP: 3/3
  1298 | D:2      | Found a faded altar of an unknown god.
  1330 | D:2      | Slain by an adder

Illustrated notes

Levels and vault maps discovered:
D:1:      minmay_arrival_split_and_join, layout_basic, minmay_domino_4
D:2:      layout_basic, ebering_ecumenical_altar_rust, minmay_crystal_water,
          grunt_ministairs_1

Skill      XL: |  1  2 |
---------------+-------+-----
Dodging        | 2 |  2.0
Fighting       | |  3.6
Maces & Flails | |  3.4
Armour         | |  2.4
Stealth        | |  0.4

Action                   || total
-------------------------++-------
Melee: Mace              ||    90
  Use: Potion            ||     1
Armor: Animal skin       ||    46
       Scale mail        ||    27
Dodge: Dodged            ||   123
